 Dungeon Crawl Stone Soup version 0.23.2-40-g277498a001 (webtiles) character file.

Game seed: 1263847217091382966

2625 Kikorro the Slasher (level 9, 0/75 HPs)
             Began as a Purple Draconian Fighter on Sept 4, 2019.
             Was a Priest of Okawaru.
             Killed by divine providence
             ... invoked by an orc priest
             ... summoned by an orc warrior
              (10 damage)
             ... in a bailey.
             The game lasted 00:27:27 (7424 turns).

Kikorro the Slasher (Purple Draconian Fighter)      Turns: 7424, Time: 00:27:28

Health: 0/75       AC:  8    Str: 21    XL:     9   Next: 34%
Magic:  9/9        EV: 13    Int:  8    God:    Okawaru [***...]
Gold:   430        SH: 10    Dex: 12    Spells: 8/8 levels left

rFire    . . .     SeeInvis .   u - +1 falchion (drain)
rCold    . . .     Gourm    .   b - +0 shield
rNeg     . . .     Faith    .   (armour unavailable)
rPois    .         Spirit   .   (helmet restricted)
rElec    .         Reflect  .   (no cloak)
rCorr    .         Harm     .   A - +0 pair of gloves
MR       +....                  (no boots)
Stlth    ++........             E - amulet of regeneration
HPRegen  0.62/turn              p - ring of ice
MPRegen  0.11/turn              v - ring of fire

@: very slightly contaminated
A: breathe power, unfitting armour, cold-blooded, AC +7
a: Breathe Dispelling Energy, Heroism, Renounce Religion


You were in a bailey.
You worshipped Okawaru.
Okawaru was most pleased with you.
You were hungry.

You visited 1 branch of the dungeon, and saw 7 of its levels.
You also visited: Bailey.

You collected 430 gold pieces.

Inventory:

Hand Weapons
 u - a +1 falchion of draining (weapon)
Armour
 b - a +0 shield (worn)
 A - a +0 pair of gloves (worn)
Jewellery
 o - an uncursed ring of wizardry
 p - a ring of ice (left hand)
 t - an uncursed ring of wizardry
 v - a ring of fire (right hand)
 E - an amulet of regeneration (around neck)
Wands
 f - a wand of polymorph (14)
 z - a wand of scattershot (8)
Scrolls
 a - 2 scrolls of remove curse
 k - a scroll of teleportation
 l - a scroll of magic mapping
 n - 2 scrolls of blinking
 y - a scroll of immolation {unknown}
Potions
 c - 3 potions of might
 g - a potion of brilliance
 h - 3 potions of haste
 i - a potion of ambrosia
 j - 2 potions of lignification
 m - a potion of heal wounds
 q - 5 potions of curing
 r - a potion of magic {unknown}
 s - 2 potions of invisibility {unknown}
 w - a potion of agility {unknown}
 x - a potion of degeneration {unknown}
 C - a potion of resistance {unknown}
 D - a potion of experience {unknown}
Comestibles
 d - 9 rations
 B - 5 chunks of flesh


   Skills:
 + Level 6.0 Fighting
 + Level 7.6 Long Blades
 + Level 6.3 Dodging
 + Level 2.9 Stealth
 + Level 6.8 Shields
 + Level 0.2 Invocations


You had 8 spell levels left.
You didn't know any spells.
Your spell library contained the following spells:

 Spells                   Type           Power        Failure   Level  Hunger
 Magic Dart               Conj           #...         77%         1    ##.....
 Searing Ray              Conj           #.....       88%         2    ###....
 Dazzling Spray           Conj/Hex       #.....       98%         3    ####...
 Force Lance              Conj/Tloc      #.......     100%        4    #####..
 Fulminant Prism          Conj/Hex       #.........   100%        4    #####..
 Iskenderun's Mystic Bla  Conj           #.......     100%        4    #####..


Dungeon Overview and Level Annotations

Branches:
Dungeon (7/15)             Temple (0/1) D:6

Altars:
Cheibriados
Dithmenos
Gozag
Okawaru
Ru
Vehumet
Yredelemnul
Zin

Annotations:
D:4 3 runed translucent doors, weresquid's ghost, novice MiGl


Innate Abilities, Weirdness & Mutations

You can breathe bolts of dispelling energy.
Your rich purple scales are hard. (AC +7)
You cannot fit into any form of body armour.
You are cold-blooded and may be slowed by cold attacks.


Message History

The orc warrior is lightly wounded.
The orc hits you but does no damage.
You hit the orc warrior but do no damage.
You drain the orc warrior.
The orc warrior is lightly wounded.
The orc hits you but does no damage.
The orc warrior hits you with a +0 halberd!
* * * LOW HITPOINT WARNING * * *
You hit the orc warrior. You drain the orc warrior.
The orc warrior is heavily wounded.
The orc dissolves into shadows! x2; You block the orc warrior's attack.
Your shield prevents you from hitting the orc warrior.
You tail-slap the orc warrior.
The orc warrior is severely wounded.
You block the gnoll's attack.
You closely miss the orc warrior. You tail-slap the orc warrior.
The orc warrior is severely wounded.
The orc priest invokes the aid of Beogh against you.
Beogh smites you!
You die...

## ####### ##########
..#########.....## ##....))).∩
...#.....#.......######o.ogg...).
...'.....'....)..#o.o.#)).g.)))..
o..'.....'....))ogg.oo')ooo......
.o.'.....'..o)).@#o.))#).oo......
..o#.....#...)...######.o........
o. ########.....## ##........∩ #
####### ##########


You could see 2 orc warriors, an orc priest, 2 gnolls and 3 orcs.

Vanquished Creatures
  An orc knight (Bailey)
  Prince Ribbit (D:5)
  Duvessa (D:5)
  3 orc warriors (Bailey)
  A phantom (D:5)
  2 ogres
  A centaur (D:6)
  2 bullfrogs
  2 scorpions (D:6)
  Dowan (D:5)
  A howler monkey (D:4)
  A bullfrog zombie (D:6)
  3 crimson imps
  2 hounds (D:4)
  2 jellies
  6 orc wizards
  A bullfrog skeleton (D:4)
  2 orc priests (D:4)
  A centaur skeleton (D:5)
  3 iguanas
  4 worker ants
  3 gnolls (D:2)
  5 adders
  An ooze (D:1)
  2 worms (D:2)
  4 dart slugs
  14 leopard geckos
  43 orcs
  A ball python (D:5)
  9 bats
  4 giant cockroaches
  9 hobgoblins
  11 jackals
  A quokka (D:2)
  7 frilled lizards
  10 goblins
  8 kobolds
  A quokka zombie (D:6)
  10 rats
184 creatures vanquished.

Notes
Turn   | Place    | Note
-------+----------+-------------------------------------------
     0 | D:1      | Kikorro the Draconian Fighter began the quest for the Orb.
     0 | D:1      | Reached XP level 1. HP: 19/19 MP: 1/1
   117 | D:1      | Reached XP level 2. HP: 24/26 MP: 2/2
   578 | D:1      | Reached XP level 3. HP: 28/33 MP: 3/3
  1343 | D:2      | Reached XP level 4. HP: 26/40 MP: 4/4
  1647 | D:2      | Found an opulent altar of Gozag.
  1671 | D:2      | Found an iron altar of Okawaru.
  1671 | D:2      | Found a basalt altar of Yredelemnul.
  1671 | D:2      | Found a sacrificial altar of Ru.
  1671 | D:2      | Found a shadowy altar of Dithmenos.
  1691 | D:2      | Became a worshipper of Warmaster Okawaru
  1893 | D:2      | Reached skill level 3 in Long Blades
  2285 | D:3      | Reached XP level 5. HP: 40/46 MP: 5/5
  2558 | D:3      | Found a snail-covered altar of Cheibriados.
  3062 | D:4      | Reached skill level 1 in Stealth
  3103 | D:4      | Noticed an ogre
  3124 | D:4      | Killed an ogre
  3124 | D:4      | Reached skill level 4 in Long Blades
  3124 | D:4      | Reached XP level 6. HP: 31/52 MP: 6/6
  3407 | D:4      | Found a runed translucent gate.
  3407 | D:4      | Found a runed translucent gate.
  3407 | D:4      | Found a runed translucent gate.
  3550 | D:4      | Noticed weresquid's ghost (novice MiGl)
  3551 | D:4      | Noticed an ice beast
  3551 | D:4      | Noticed an ice beast
  3582 | D:4      | Found a radiant altar of Vehumet.
  3757 | D:4      | Reached * piety under Okawaru
  3804 | D:4      | Your scales start taking on a rich purple colour.
  3804 | D:4      | Reached XP level 7. HP: 49/60 MP: 7/7
  3895 | D:4      | Reached skill level 5 in Long Blades
  4236 | D:5      | Entered Level 5 of the Dungeon
  5057 | D:5      | Noticed Prince Ribbit
  5068 | D:5      | Killed Prince Ribbit
  5068 | D:5      | Reached skill level 6 in Long Blades
  5068 | D:5      | Reached skill level 5 in Shields
  5068 | D:5      | Reached XP level 8. HP: 52/67 MP: 5/8
  5180 | D:5      | Noticed Dowan
  5187 | D:5      | Killed Dowan
  5187 | D:5      | Reached skill level 5 in Dodging
  5191 | D:5      | Noticed Duvessa
  5211 | D:5      | Killed Duvessa
  5211 | D:5      | Reached skill level 5 in Fighting
  5899 | D:6      | Found a glowing silver altar of Zin.
  5935 | D:6      | Reached ** piety under Okawaru
  6384 | D:6      | Found a staircase to the Ecumenical Temple.
  6594 | D:6      | Reached skill level 7 in Long Blades
  6930 | D:7      | Found a flagged portal.
  6960 | Bailey   | Entered a bailey
  7097 | Bailey   | Reached XP level 9. HP: 56/75 MP: 9/9
  7187 | Bailey   | Noticed an orc knight
  7237 | Bailey   | Killed an orc knight
  7237 | Bailey   | Reached *** piety under Okawaru
  7417 | Bailey   | HP: 2/75 [orc priest/divine providence[an orc warrior]
                  | (11)]
  7424 | Bailey   | Killed from afar by an orc priest

Skill      XL: |  1  2  3  4  5  6  7  8  9 |
---------------+----------------------------+-----
Dodging        | 3 4 5 6 |  6.3
Long Blades    | 3 4 6 7 |  7.6
Stealth        | 1 2 |  2.9
Fighting       | 4 5 6 |  6.0
Shields        | 4 5 6 |  6.8
Invocations    | |  0.2

Action                   |  1- 3 |  4- 6 |  7- 9 || total
-------------------------+-------+-------+-------++-------
Melee: Long sword        |   115 |   135 |       ||   250
       Tailslap          |    17 |    26 |    59 ||   102
       Falchion          |       |    33 |   391 ||   424
Invok: Heroism           |       |       |     5 ||     5
 Abil: Breathe Dispellin |       |       |     8 ||     8
  Use: Scroll            |     2 |     4 |     6 ||    12
       Potion            |       |       |     6 ||     6
 Stab: Sleeping          |     1 |     4 |     2 ||     7
  Eat: Chunk             |     1 |     9 |    13 ||    23
Armor: Skin              |    36 |    55 |    79 ||   170
Dodge: Dodged            |    52 |    65 |   188 ||   305
Block: Shield            |    74 |    84 |   258 ||   416
       Rpst.: Long sword |    16 |    18 |       ||    34
       Falchion          |       |     5 |    54 ||    59
